AoeStats
← Tetragamenon11

Arabia

510224725Analyzed
1v1 RM · 4d ago on Sep 30, 2026· 33m 40s· 2 players
Game mode
Random Map
Map size
Tiny (2 player)
Population
200
Speed
Normal
Resources
Standard
Victory
Conquest
Starting age
Dark Age
Ending age
Imperial Age
RankedLock teamsTeams togetherTeam positionsShared explorationLock speedFull tech treeHidden civsTurbo modeCheats
Victory
Defeat
🇵🇪 Inca · Peru
1316
+17
🇳🇴 Magyars · Norway
1331
-17
Tetragamenon11
5:05 Loom
10:23 Feudal Age
10:51 Champi Runner
12:49 Double-Bit Axe
14:48 Scale Mail Armor
17:26 Wheelbarrow
18:12 Forging
24:16 Castle Age
24:18 Pikeman
25:00 Squires
26:08 Iron Casting
27:20 Champi Warrior
28:58 Horse Collar
32:24 Chain Mail Armor
32:30 Heavy Plow
32:40 Bow Saw
Krypto
5:51 Loom
9:02 Feudal Age
9:47 Double-Bit Axe
15:35 Wheelbarrow
19:02 Bloodlines
19:17 Scale Barding Armor
24:25 Castle Age
22:33 Gold Mining
25:45 Bow Saw
30:43 Imperial Age
28:28 Fletching
28:31 Stone Mining
Connection lost

Rejoining the realm…

Still unreachable

The connection could not be restored.

Session expired

The server has moved on; the page needs a fresh start.